 Dungeon Crawl Stone Soup version 0.21-a0-349-g0c35859 (webtiles) character file.

3507 vishdafish the Chopper (level 9, -6/72 HPs)
             Began as a Demonspawn Skald on Oct 8, 2017.
             Was an Initiate of Nemelex Xobeh.
             Mangled by a komodo dragon (18 damage)
             ... on level 9 of the Dungeon.
             The game lasted 00:26:40 (9957 turns).

vishdafish the Chopper (Demonspawn Skald)           Turns: 9957, Time: 00:26:41

Health: -6/72      AC:  8    Str: 19    XL:     9   Next: 81%
Magic:  15/15      EV: 16    Int: 15    God:    Nemelex Xobeh [......]
Gold:   314        SH:  0    Dex: 12    Spells: 10/16 levels left

rFire    . . .     SeeInvis .   t - +0 war axe
rCold    . . .     Gourm    .   (no shield)
rNeg     + . .     Faith    .   r - +1 robe of Feefum {rN+ MR+ Str+3 Int-3}
rPois    .         Spirit   .   (no helmet)
rElec    .         Reflect  .   q - +0 cloak
rCorr    .         Harm     .   C - +1 pair of gloves
MR       +....                  (no boots)
Stlth    +.........             (no amulet)
HPRegen  0.22/turn              I - +2 ring of evasion
MPRegen  0.14/turn              h - +4 ring of strength

@: drained
A: hooves 2, rugged brown scales 2, demonic guardian 1
a: Renounce Religion


You were on level 9 of the Dungeon.
You worshipped Nemelex Xobeh.
Nemelex Xobeh was noncommittal.
You were not hungry.

You visited 2 branches of the dungeon, and saw 10 of its levels.
You also visited: Ossuary.

You collected 314 gold pieces.

Inventory:

Hand Weapons
 t - a +0 war axe (weapon)
 H - a +1 hand axe of flaming
 L - a +0 shortbow of freezing
Missiles
 M - 80 arrows
Armour
 b - a +0 leather armour
 q - a +0 cloak (worn)
 r - the +1 robe of Feefum (worn) {rN+ MR+ Str+3 Int-3}
   (You found it on level 4 of the Dungeon)

   It affects your strength (+3).
   It affects your intelligence (-3).
   It protects you from negative energy.
   It affects your resistance to hostile enchantments.
 z - a +0 ring mail of cold resistance
 C - a +1 pair of gloves (worn)
Jewellery
 h - a +4 ring of strength (right hand)
 n - an uncursed amulet of magic regeneration
 B - an uncursed amulet of harm
 I - a +2 ring of evasion (left hand)
 O - an uncursed ring of wizardry
Wands
 l - a wand of random effects (11/48)
 K - a wand of random effects (20/48)
 U - a wand of lightning (4/15)
Scrolls
 a - a scroll of teleportation {unknown}
 f - a scroll of remove curse
 m - a scroll of immolation
 p - 3 scrolls of blinking {unknown}
 s - a scroll of fog {unknown}
 y - 2 scrolls of amnesia {unknown}
 A - 5 scrolls of random uselessness
 G - a scroll of fear {unknown}
 N - 2 scrolls of magic mapping {unknown}
 P - 3 scrolls of identify
 Q - a scroll of summoning {unknown}
 V - a scroll of recharging {unknown}
Potions
 e - 2 potions of mutation {unknown}
 g - 7 potions of lignification
 j - 3 potions of agility
 k - a potion of haste
 o - 2 potions of flight
 u - a potion of cancellation {unknown}
 v - 2 potions of berserk rage {unknown}
 w - a potion of magic {unknown}
 x - 2 potions of ambrosia
 D - 2 potions of degeneration {unknown}
 E - 2 potions of heal wounds
 F - a potion of resistance {unknown}
 S - a potion of curing
 T - a potion of brilliance {unknown}
Books
 c - a book of Battle

   Spells                             Type                      Level
   a - Infusion                       Charms                       1
   b - Shroud of Golubria             Charms/Translocation         2
   c - Song of Slaying                Charms                       2
   d - Spectral Weapon                Hexes/Charms                 3
   e - Regeneration                   Charms/Necromancy            3
Miscellaneous
 R - a plain deck of escape {drawn: 3}
Comestibles
 d - 4 bread rations
 i - 15 fruits
 J - a meat ration


   Skills:
 - Level 6.0(5.4) Fighting
 + Level 6.5(5.8) Axes
 - Level 5.0(4.4) Armour
 + Level 5.6(4.9) Dodging
 - Level 4.0(3.4) Spellcasting
 - Level 5.2(4.5) Charms
 * Level 4.3(3.6) Invocations


You had 10 spell levels left.
You knew the following spells:

 Your Spells              Type           Power        Failure   Level  Hunger
a - Infusion              Chrm           ###.         3%          1    None
b - Regeneration          Chrm/Necr      #.........   22%         3    ###....
c - Song of Slaying       Chrm           ###.....     4%          2    ##.....


Dungeon Overview and Level Annotations

Branches:
Dungeon (9/15)             Temple (1/1) D:5
   Lair: D:8-11         Orc: D:9-12

Altars:
Ashenzari
Cheibriados
Dithmenos
Elyvilon
Fedhas
Gozag
Hepliaklqana
Kikubaaqudgha
Makhleb
Nemelex Xobeh
Okawaru
Ru
Sif Muna
Trog
Uskayaw
Vehumet
Wu Jian
Xom
Yredelemnul
Zin
The Shining One

Shops:
D:5 :


Innate Abilities, Weirdness & Mutations

You have hoof-like feet.
You are mostly covered in rugged brown scales. (AC +2, +5% HP)
A weak demonic guardian rushes to your aid.


Message History

The komodo dragon barely misses you.
Your ufetubus barely misses the komodo dragon. x2
Your ufetubus hits the komodo dragon but does no damage.
Your ufetubus closely misses the komodo dragon.
The komodo dragon barely misses you.
Your ufetubus hits the komodo dragon.
Your ufetubus hits the komodo dragon but does no damage.
The jelly barely misses you. The jelly closely misses your ufetubus.
Something closely misses your ufetubus.
The komodo dragon completely misses you.
The jelly misses your ufetubus.
Your ufetubus hits the komodo dragon.
Your ufetubus closely misses the komodo dragon.
Something misses your ufetubus.
Okay, then.
An orc comes into view. It is wielding a dagger.
The orc shouts!
The komodo dragon bites you!!
You die...
Your body disappears without a glow.

## .. .%. ## #. #..
...##.# . #.#.#
#.....#####... ###.#o
####.....o..... ....
.......@5## #..#
########l.# ####..# ##5##
......# #..#
......########## ##J###
...<...).......## #{<.#
......########..###...####
.##...# ##..........#
#..### #####...##...


You could see a komodo dragon, a jelly, an orc, a friendly iron imp and a
friendly ufetubus.

Vanquished Creatures
  2 hippogriffs
  Sigmund (D:3)
  Duvessa (D:6)
  A water moccasin (D:7)
  An ice beast (D:7)
  An orc warrior (D:6)
  A sky beast (D:6)
  A black bear (D:9)
  5 ogres
  2 centaurs
  3 bullfrogs
  Dowan (D:6)
  A howler monkey (D:6)
  3 crimson imps
  8 orc priests
  2 hounds
  Crazy Yiuf (D:2)
  4 bullfrog skeletons
  Jessica (D:2)
  2 iguanas
  8 orc wizards
  5 worker ants
  A hound skeleton (D:5)
  3 mummies (Ossuary)
  4 gnolls (D:5)
  6 adders
  2 shadow imps (D:5)
  An ooze (D:1)
  3 worms
  2 leopard geckos
  29 orcs
  4 gnoll zombies (Ossuary)
  5 goblins
  7 hobgoblins
  2 jackals (D:4)
  4 quokkas
  4 bats
  6 frilled lizards
  A gnoll skeleton (Ossuary)
  2 goblin skeletons (Ossuary)
  4 hobgoblin skeletons (Ossuary)
  2 hobgoblin zombies (Ossuary)
  A jackal zombie (D:6)
  8 kobolds
  6 kobold skeletons (Ossuary)
  2 kobold zombies (Ossuary)
  An orc skeleton (Ossuary)
  4 orc zombies (Ossuary)
  2 quokka skeletons
  6 rats
  4 rat skeletons (Ossuary)
  6 rat zombies (Ossuary)
187 creatures vanquished.

Vanquished Creatures (collateral kills)
  A hungry ghost (D:8)
  Eustachio (D:5)
  Edmund (D:6)
  An ogre (D:7)
  A bullfrog zombie (D:5)
  2 orc priests
  A worker ant (D:5)
  An adder skeleton (D:7)
  A frilled lizard (D:5)
10 creatures vanquished.

Vanquished Creatures (others)
  Menkaure (Ossuary)
  A gnoll skeleton (Ossuary)
  A goblin skeleton (Ossuary)
  A goblin zombie (Ossuary)
  A hobgoblin skeleton (Ossuary)
  2 hobgoblin zombies (Ossuary)
  A kobold skeleton (Ossuary)
  A kobold zombie (Ossuary)
  An orc zombie (Ossuary)
  3 rat skeletons (Ossuary)
  2 rat zombies (Ossuary)
  5 plants (D:9)
20 creatures vanquished.

Grand Total: 217 creatures vanquished

Notes
Turn   | Place    | Note
-------+----------+-------------------------------------------
     0 | D:1      | vishdafish the Demonspawn Skald began the quest for the Orb.
     0 | D:1      | Reached XP level 1. HP: 16/16 MP: 3/3
    44 | D:1      | Reached skill level 1 in Armour
    62 | D:1      | Gained mutation: You are partially covered in rugged brown scales. (AC +1, +3% HP) [demonic ancestry]
    62 | D:1      | Reached XP level 2. HP: 16/22 MP: 0/5
   714 | D:2      | Noticed Jessica
   738 | D:2      | Killed Jessica
   738 | D:2      | Reached XP level 3. HP: 8/27 MP: 6/6
  1175 | D:2      | Reached XP level 4. HP: 33/33 MP: 3/7
  1652 | D:2      | Noticed an ogre
  1837 | D:2      | Killed an ogre
  1837 | D:2      | Gained mutation: You are mostly covered in rugged brown scales. (AC +2, +5% HP) [demonic ancestry]
  1837 | D:2      | Reached XP level 5. HP: 33/39 MP: 3/8
  2117 | D:2      | Found a runed door.
  2121 | D:2      | Noticed Crazy Yiuf
  2134 | D:2      | Killed Crazy Yiuf
  2730 | D:2      | Gained mutation: You have large cloven feet. [demonic ancestry]
  2730 | D:2      | Reached XP level 6. HP: 46/46 MP: 6/9
  2907 | D:3      | Found a radiant altar of Vehumet.
  3013 | D:3      | Noticed Sigmund
  4249 | D:4      | Reached skill level 5 in Charms
  4249 | D:4      | Reached XP level 7. HP: 35/52 MP: 7/10
  4740 | D:4      | Found a bloodstained altar of Trog.
  4842 | D:4      | Noticed a hippogriff
  4862 | D:3      | Killed a hippogriff
  4862 | D:3      | Reached skill level 5 in Axes
  5306 | D:4      | Got a fabulously ornate robe
  5317 | D:4      | Identified the +1 robe of Feefum {rN+ MR+ Str+3 Int-3} (You found it on level 4 of the Dungeon)
  5450 | D:3      | Killed Sigmund
  5450 | D:3      | Gained mutation: A weak demonic guardian rushes to your aid. [demonic ancestry]
  5450 | D:3      | Reached XP level 8. HP: 28/63 MP: 8/11
  5640 | D:5      | Entered Level 5 of the Dungeon
  5640 | D:5      | Found Loet's Book Shop.
  6015 | D:5      | Found a burning altar of Makhleb.
  6046 | D:6      | Noticed Duvessa
  6049 | D:6      | Noticed Dowan
  6069 | D:6      | Killed Duvessa
  6095 | D:6      | Killed Dowan
  6132 | D:6      | Learned a level 3 spell: Regeneration
  6183 | D:6      | Found a shattered altar of Ashenzari.
  6281 | D:6      | Found a sand-covered staircase.
  6308 | Ossuary  | Entered an ossuary
  6326 | Ossuary  | Learned a level 2 spell: Song of Slaying
  6552 | Ossuary  | Killed Menkaure
  6912 | D:6      | Found an iron altar of Okawaru.
  6956 | D:6      | Noticed Edmund
  6977 | D:6      | Killed Edmund
  7174 | D:6      | Reached skill level 5 in Fighting
  7391 | D:6      | Gained mutation: You have hoof-like feet. [demonic ancestry]
  7391 | D:6      | Reached XP level 9. HP: 71/71 MP: 13/13
  8404 | D:7      | Reached skill level 5 in Armour
  8404 | D:7      | Reached skill level 5 in Dodging
  8686 | D:7      | Found an opulent altar of Gozag.
  9076 | D:5      | Found a staircase to the Ecumenical Temple.
  9082 | Temple   | Entered the Ecumenical Temple
  9230 | Temple   | Became a worshipper of Nemelex Xobeh the Trickster
  9270 | D:5      | Received a gift from Nemelex Xobeh
  9301 | D:5      | Noticed Eustachio
  9334 | D:5      | Killed Eustachio
  9334 | D:5      | Reached skill level 1 in Invocations
  9840 | D:9      | Found a hide-covered altar of Uskayaw.
  9840 | D:9      | Noticed a dagger
  9841 | D:9      | Noticed an enchanted hand axe
  9925 | D:9      | Noticed a komodo dragon
  9957 | D:9      | Mangled by a komodo dragon

Vault maps used:
D:1:      shiori_arrival_elements
D:2:      minmay_tree_intersection, uniq_crazy_yiuf_cottage, uniq_jessica
D:3:      vehumet_crystals, uniq_sigmund
D:4:      bloody_trog
D:5:      minmay_temple_entry_grid, serial_shops,
          nicolae_shop_temple_entry_statues_fountains, first_bread, basic_altar,
          uniq_eustachio
D:6:      kennysheep_mini, enter_ossuary_3, evilmike_ruin_ashenzari,
          uniq_edmund, uniq_duvessa
D:7:      grunt_gozag_statues, dk_vineyard_2
D:8:      grunt_qazlal_clouds
D:9:      dancing_weapons_uskayaw, david_lair_shrubbed
Temple:   eino_temple_scatter_basement
Ossuary:  ossuary_due_pyramid

Skill      XL: |  1  2  3  4  5  6  7  8  9 |
---------------+----------------------------+-----
Armour         | 1 2 4 5 |  5.0
Axes           | 2 3 4 5 6 |  6.5
Dodging        | 2 3 4 5 |  5.6
Charms         | 3 4 5 |  5.2
Fighting       | 3 5 6 |  6.0
Spellcasting   | 4 |  4.0
Invocations    | 4 |  4.3

Action                   |  1- 3 |  4- 6 |  7- 9 || total
-------------------------+-------+-------+-------++-------
Melee: Hand axe          |   100 |    63 |       ||   163
       War axe           |       |   107 |   434 ||   541
       Kick              |       |    24 |   117 ||   141
 Fire: Shortbow          |       |       |     1 ||     1
 Cast: Infusion          |     4 |     7 |    12 ||    23
       Song of Slaying   |       |       |     9 ||     9
       Regeneration      |       |       |     4 ||     4
Evoke: Wand              |       |     3 |     2 ||     5
       Deck              |       |       |     3 ||     3
  Use: Potion            |       |     1 |     4 ||     5
       Scroll            |       |       |     9 ||     9
 Stab: Distracted        |       |       |     2 ||     2
  Eat: Chunk             |       |    10 |    14 ||    24
       Bread ration      |       |       |     2 ||     2
       Royal jelly       |       |       |     1 ||     1
Armor: Leather armour    |    19 |    46 |     5 ||    70
       Skin              |       |     4 |     9 ||    13
       Ring mail         |       |       |    23 ||    23
       Robe              |       |       |    84 ||    84
Dodge: Dodged            |    86 |   124 |   381 ||   591

Table legend:
 A = Spawn XP
 B = Non-spawn XP
 C = Spawn XP percentage of total XP
 D = Spawn monster count
 E = Non-spawn monster count
 F = Spawn count percentage of total count
 G = Total turns spent on level
                    A         B        C        D         E        F      G
               +---------+---------+-------+---------+---------+-------+---------
         Total |       0 |    5010 |   0.0 |       0 |     190 |   0.0 |  9957
               +---------+---------+-------+---------+---------+-------+---------
           D:1 |       0 |      34 |   0.0 |       0 |      20 |   0.0 |   693
           D:2 |       0 |     346 |   0.0 |       0 |      21 |   0.0 |  2000
           D:3 |       0 |     557 |   0.0 |       0 |      17 |   0.0 |  1321
           D:4 |       0 |     598 |   0.0 |       0 |      30 |   0.0 |  1626
           D:5 |       0 |     681 |   0.0 |       0 |      26 |   0.0 |   821
           D:6 |       0 |    1131 |   0.0 |       0 |      21 |   0.0 |  1855
           D:7 |       0 |    1105 |   0.0 |       0 |      17 |   0.0 |   744
           D:8 |       0 |     281 |   0.0 |       0 |       3 |   0.0 |   110
           D:9 |       0 |     202 |   0.0 |       0 |       3 |   0.0 |   220
       Ossuary |       0 |      75 |   0.0 |       0 |      32 |   0.0 |   408
               +---------+---------+-------+---------+---------+-------+---------
